 Dungeon Crawl Stone Soup version 0.27-a0-978-g2aa4ecdaef (webtiles) character file.

Game seed: 6123624063974067838

2 robertstho the Skirmisher (level 1, 0/19 HPs)
             Began as a Hill Orc Fighter on Apr 14, 2021.
             Slain by a ball python (2 damage)
             ... on level 1 of the Dungeon.
             The game lasted 00:00:22 (57 turns).

robertstho the Skirmisher (Hill Orc Fighter)          Turns: 57, Time: 00:00:23

Health: 0/19       AC:  7    Str: 18    XL:     1   Next: 30%
Magic:  1/1        EV:  5    Int:  8    God:
Gold:   14         SH:  9    Dex: 10    Spells: 0/0 levels left

rFire    . . .     SeeInvis .   a - +0 trident
rCold    . . .     Faith    .   c - +0 kite shield
rNeg     . . .     Spirit   .   e - +2 ring mail {rPois}
rPois    +         Reflect  .   (no helmet)
rElec    .         Harm     .   (no cloak)
rCorr    .         Rampage  .   (no gloves)
Will     .....                  (no boots)
Stlth    ..........             (no amulet)
HPRegen  0.06/turn              (no ring)
MPRegen  0.07/turn              (no ring)

@: constricted
A: no striking features
a: no special abilities


You were on level 1 of the Dungeon.
You visited 1 branch of the dungeon, and saw 1 of its levels.

You collected 14 gold pieces.

Inventory:

Hand Weapons
 a - a +0 trident (weapon)
Armour
 b - a +0 scale mail
 c - a +0 kite shield (worn)
 e - a +2 ring mail of poison resistance (worn)
Potions
 d - a potion of might


   Skills:
 * Level 3.6 Fighting
 + Level 2.3 Polearms
 * Level 3.2 Armour
 + Level 3.3 Shields


You couldn't memorise any spells.
You didn't know any spells.
Your spell library was empty.

Dungeon Overview and Level Annotations

Branches:
Dungeon (1/15)

Altars:


Message History

You kill the quokka!
The ball python bites you but does no damage.
You block the ball python's attack.
You closely miss the ball python.
The ball python bites you but does no damage.
The ball python closely misses you. You block the ball python's attack. x2
You closely miss the ball python. The ball python barely misses you.
You block the ball python's attack.
You hit the ball python.
The ball python is severely wounded.
The ball python closely misses you. You block the ball python's attack.
The ball python barely misses you. The ball python grabs you.
The ball python constricts you.
You barely miss the ball python.
The ball python is severely wounded.
The ball python bites you.
* * * LOW HITPOINT WARNING * * *
x2 The ball python constricts you.
The ball python bites you but does no damage.
The ball python constricts you.
You hit the ball python but do no damage.
The ball python is moderately wounded.
The ball python bites you but does no damage.
The ball python constricts you. You block the ball python's attack.
The ball python constricts you.
You barely miss the ball python.
The ball python is moderately wounded.
The ball python bites you but does no damage.
The ball python constricts you.
You closely miss the ball python.
The ball python is moderately wounded.
The ball python bites you but does no damage.
The ball python constricts you.
The ball python bites you but does no damage.
The ball python constricts you.
You hit the ball python but do no damage.
The ball python is moderately wounded.
You block the ball python's attack. The ball python constricts you.
The ball python bites you.
You die...

#....#........ #.............
#.............
#####............ #
................ .##
............### ...#
###############.r..r....##....#
#.............##S##............
.......⌠.......@..#####...####
................⌠...###.......#
..⌠.........⌠........##.......#
...................(..#.#....##
.......<..........⌠...#........
......................#........
..⌠.........⌠........##.. .....
................⌠...##.........
.......⌠..........###


You could see a quokka and a ball python.

Vanquished Creatures
  A quokka (D:1)
  A bat (D:1)
2 creatures vanquished.

Notes
Turn   | Place    | Note
-------+----------+-------------------------------------------
     0 | D:1      | robertstho the Hill Orc Fighter began the quest for the
                  | Orb.
     0 | D:1      | Reached XP level 1. HP: 19/19 MP: 1/1
    57 | D:1      | Slain by a ball python

Illustrated notes

Levels and vault maps discovered:
D:1:      dpeg_arrival_water_temple_mockup, layout_basic, hex_intersection,
          minmay_worlds_worst_comb

Action                   || total
-------------------------++-------
Melee: Trident           ||    15
Armor: Ring mail         ||    12
Dodge: Dodged            ||     6
Block: Kite shield       ||    15

Table legend: (Time is in decaauts)
 A = Elapsed time spent in this place.
 B = Non-inter-level travel time spent in this place.
 C = Inter-level travel time spent in this place.
 D = Time resting spent in this place.
 E = Time spent auto-exploring this place.
 F = Levels seen in this place.
 G = Mean time per level.
                   A        B        C        D        E       F      G
               +--------+--------+--------+--------+--------+-----+--------+
         Total |     63 |     63 |      0 |      0 |     17 |   1 |   63.0 |
       Dungeon |     63 |     63 |      0 |      0 |     17 |   1 |   63.0 |
               +--------+--------+--------+--------+--------+-----+--------+

Top non-repeatable levels by time:
     D:1: 63 daAuts
